AoeStats
← bassotto

Arena

510136149Analyzed
1v1 RM · 2d ago on Sep 29, 2026· 22m 10s· 2 players
Game mode
Random Map
Map size
Tiny (2 player)
Population
200
Speed
Normal
Resources
Standard
Victory
Conquest
Starting age
Dark Age
Ending age
Imperial Age
RankedLock teamsTeams togetherTeam positionsShared explorationLock speedFull tech treeHidden civsTurbo modeCheats
Victory
Defeat
🇧🇷 Bengalis · Brazil
1152
+15
🇧🇪 Wei · Belgium
1130
-15
Azzurri1706
10:16 Feudal Age
14:05 Castle Age
12:12 Double-Bit Axe
12:45 Horse Collar
13:21 Gold Mining
14:17 Stone Mining
14:26 Loom
bassotto
10:16 Feudal Age
14:19 Castle Age
13:53 Loom
15:49 Double-Bit Axe
16:45 Sanctity
16:38 Fervor
18:28 Redemption
Connection lost

Rejoining the realm…

Still unreachable

The connection could not be restored.

Session expired

The server has moved on; the page needs a fresh start.